 Dungeon Crawl Stone Soup version 0.23.2-32-g37ab1d4649 (webtiles) character file.

Game seed: 15206260096324171337

637 Mrkan the Summoner (level 7, 0/42 HPs)
             Began as a Tengu Summoner on June 25, 2019.
             Slain by Pikel
             ... wielding a +2 whip of electrocution
              (8 damage)
             ... on level 4 of the Dungeon.
             The game lasted 00:20:37 (5400 turns).

Mrkan the Summoner (Tengu Summoner)                 Turns: 5400, Time: 00:20:38

Health: 0/42       AC:  3    Str:  8    XL:     7   Next: 50%
Magic:  14/14      EV: 13    Int: 17    God:
Gold:   277        SH:  0    Dex: 15    Spells: 7/14 levels left

rFire    . . .     SeeInvis .   m - +0 whip (elec)
rCold    . . .     Gourm    .   (no shield)
rNeg     . . .     Faith    .   a - +0 robe
rPois    .         Spirit   .   (helmet restricted)
rElec    .         Reflect  .   G - +0 cloak
rCorr    .         Harm     .   (no gloves)
MR       .....                  (boots unavailable)
Stlth    ++........             (no amulet)
HPRegen  0.14/turn              (no ring)
MPRegen  0.14/turn              (no ring)

@: no status effects
A: beak, talons 3, able to fly
a: Fly


You were on level 4 of the Dungeon.
You were near starving.

You visited 1 branch of the dungeon, and saw 4 of its levels.
You also visited: Sewer.

You collected 277 gold pieces.

Inventory:

Hand Weapons
 e - a +0 hunting sling
 m - a +0 whip of electrocution (weapon)
 F - a +4 flail of holy wrath
Missiles
 b - 147 stones (quivered)
 k - 31 sling bullets
Armour
 a - a +0 robe (worn)
 G - a +0 cloak (worn)
Jewellery
 v - an uncursed ring of see invisible {unknown}
 D - an uncursed ring of poison resistance {unknown}
Wands
 x - a wand of disintegration (19)
 B - a wand of flame (17)
Scrolls
 d - 5 scrolls of identify {unknown}
 g - 4 scrolls of noise {unknown}
 h - 4 scrolls of remove curse {unknown}
 i - a scroll of amnesia {unknown}
 r - 3 scrolls of fear {unknown}
 s - 3 scrolls of teleportation {unknown}
 w - a scroll of immolation {unknown}
 y - a scroll of blinking {unknown}
 z - 2 scrolls of magic mapping {unknown}
Potions
 f - a potion of heal wounds {unknown}
 j - a potion of ambrosia
 l - 2 potions of lignification {unknown}
 n - a potion of brilliance {unknown}
 o - 2 potions of agility {unknown}
 p - 2 potions of degeneration {unknown}
 q - 2 potions of might {unknown}
 t - 2 potions of flight {unknown}
 u - a potion of mutation {unknown}
 C - a potion of magic {unknown}
 E - a potion of curing {unknown}
Comestibles
 c - 11 rations
 A - 4 chunks of flesh


   Skills:
 + Level 3.6 Fighting
 - Level 2.1 Dodging
 - Level 2.0 Stealth
 + Level 4.0 Spellcasting
 - Level 8.1 Summonings
 * Level 1.8 Air Magic


You had 7 spell levels left.
You knew the following spells:

 Your Spells              Type           Power        Failure   Level  Hunger
a - Summon Small Mammal   Summ           ####         1%          1    None
b - Call Imp              Summ           ####....     1%          2    ##.....
c - Summon Lightning Spi  Summ/Air       ###.....     21%         4    ####...

Your spell library contained the following spells:

 Spells                   Type           Power        Failure   Level  Hunger
 Call Canine Familiar     Summ           ####....     1%          3    ###....
 Summon Guardian Golem    Hex/Summ       ###.....     9%          3    ###....
 Summon Ice Beast         Ice/Summ       ###.....     30%         4    ####...


Dungeon Overview and Level Annotations

Branches:
Dungeon (4/15)
 Temple: D:4-7

Altars:
Cheibriados

Shops:
D:4 }

Annotations:
D:4 Pikel


Innate Abilities, Weirdness & Mutations

You have a beak for a mouth.
You have claws for feet.
You can fly continuously.


Message History

Your crimson imp disappears in a puff of smoke!
You are near starving!
Your crimson imp blinks!
Your crimson imp misses Pikel.
Your crimson imp barely misses Pikel.
Pikel hits you with a +2 whip of electrocution!
Your crimson imp blinks!
Pikel closely misses you.
Your crimson imp blinks!
Pikel hits you with a +2 whip of electrocution!
* * * LOW HITPOINT WARNING * * *
Your crimson imp blinks!
Pikel barely misses you. Pikel misses you. Pikel hits you but does no damage.
Pikel misses you.
Pikel hits you with a +2 whip of electrocution.
* * * LOW HITPOINT WARNING * * *
Pikel hits you with a +2 whip of electrocution!
You die...

###### ###
######....##### ..##
##.............# #..##
#.............##.#
.#..#####.......[......#
..#.5..............####..
......
....########..5...##
....... ...## ###..K.#
........# ..## ###@##
........# #.# ###
......... ..# .........
.## ......... .#
......... .# #....... ##
#####..# # #.## # #.#


You could see Pikel and a friendly crimson imp.

Vanquished Creatures
  Sigmund (D:3)
  A slave (D:4)
  A big kobold (Sewer)
  An orc wizard (D:3)
  An adder (D:2)
  3 oozes
  A worm (Sewer)
  A dart slug (D:1)
  An orc (D:4)
  13 bats
  3 giant cockroaches
  4 goblins
  7 hobgoblins
  3 quokkas
  3 ball pythons (Sewer)
  A frilled lizard (D:3)
  8 kobolds
  7 rats
60 creatures vanquished.

Vanquished Creatures (collateral kills)
  Edmund (D:4)
  3 slaves
  6 big kobolds (Sewer)
  A scorpion (D:4)
  A hound (D:4)
  An orc wizard (D:4)
  2 river rats (Sewer)
  6 adders
  3 oozes
  3 worms (Sewer)
  6 leopard geckos
  4 orcs (D:3)
  A ball python (Sewer)
  A bat (D:1)
  4 giant cockroaches
  A frilled lizard (D:4)
  3 goblins
  5 kobolds
  5 rats
57 creatures vanquished.

Grand Total: 117 creatures vanquished

Notes
Turn   | Place    | Note
-------+----------+-------------------------------------------
     0 | D:1      | Mrkan the Tengu Summoner began the quest for the Orb.
     0 | D:1      | Reached XP level 1. HP: 10/10 MP: 4/4
    90 | D:1      | Reached skill level 5 in Summonings
   217 | D:1      | Reached XP level 2. HP: 6/16 MP: 4/6
   921 | D:1      | Reached skill level 1 in Fighting
   961 | D:1      | Reached XP level 3. HP: 20/20 MP: 7/7
  1171 | D:1      | Learned a level 2 spell: Call Imp
  1789 | D:2      | Reached XP level 4. HP: 20/25 MP: 8/8
  2211 | D:3      | Reached skill level 6 in Summonings
  2267 | D:3      | Noticed Sigmund
  2285 | D:3      | Killed Sigmund
  2285 | D:3      | Gained mutation: You can fly continuously. [Tengu growth]
  2285 | D:3      | Reached XP level 5. HP: 27/30 MP: 8/10
  3235 | D:4      | Found a glowing drain.
  3252 | Sewer    | Entered a sewer
  3289 | Sewer    | Reached XP level 6. HP: 36/36 MP: 6/11
  3361 | Sewer    | Reached skill level 7 in Summonings
  4041 | Sewer    | Reached XP level 7. HP: 41/41 MP: 5/13
  4201 | Sewer    | Reached skill level 8 in Summonings
  4511 | D:4      | Found Zucumm's Gadget Emporium.
  4539 | D:4      | Noticed Pikel
  4899 | D:3      | Learned a level 4 spell: Summon Lightning Spire
  5083 | D:4      | Found a snail-covered altar of Cheibriados.
  5141 | D:4      | Noticed Edmund
  5166 | D:4      | Killed Edmund
  5166 | D:4      | Reached skill level 1 in Air Magic
  5400 | D:4      | Slain by Pikel

Skill      XL: |  1  2  3  4  5  6  7 |
---------------+----------------------+-----
Summonings     | 5 6 7 8 |  8.1
Fighting       | 1 2 3 |  3.6
Spellcasting   | 3 4 |  4.0
Air Magic      | 1 |  1.8
Dodging        | |  2.1
Stealth        | |  2.0

Action                   |  1- 3 |  4- 6 |  7- 9 || total
-------------------------+-------+-------+-------++-------
Melee: Unarmed           |    19 |       |       ||    19
       Kick              |     6 |     6 |     4 ||    16
       Peck              |     3 |     2 |     4 ||     9
       Hunting sling     |     3 |       |       ||     3
       Whip              |       |    29 |    20 ||    49
 Fire: Hunting sling     |    95 |    72 |    20 ||   187
Throw: Stone             |       |     5 |       ||     5
 Cast: Summon Small Mamm |     7 |       |       ||     7
       Call Imp          |     7 |    57 |    33 ||    97
       Summon Lightning  |       |       |     1 ||     1
  Use: Potion            |       |     2 |       ||     2
 Stab: Sleeping          |     1 |     1 |       ||     2
  Eat: Chunk             |     3 |    10 |     1 ||    14
       Ration            |       |       |     1 ||     1
Armor: Robe              |     7 |    23 |     3 ||    33
Dodge: Dodged            |    41 |    61 |    27 ||   129
